 Dungeon Crawl Stone Soup version 0.30-a0-718-geaa24f58ff (webtiles) character file.

Game seed: 2128547667047714941

152 funkygono the Firebug (level 5, -3/28 HPs)
             Began as a Gargoyle Fire Elementalist on Jan 25, 2023.
             Slain by Edmund
             ... wielding a +0 dire flail of holy wrath
              (9 damage)
             ... on level 3 of the Dungeon.
             The game lasted 00:04:27 (3593 turns).

funkygono the Firebug (Gargoyle Fire Elementalist)  Turns: 3593, Time: 00:04:27

Health: -3/28      AC:  8    Str: 11    XL:     5   Next: 34%
Magic:  6/9        EV: 12    Int: 18    God:
Gold:   119        SH:  0    Dex: 10    Spells: 0/10 levels left

rFire   + . .      SeeInvis .    s - +0 whip
rCold   . . .      Faith    .    (no shield)
rNeg    + . .      Spirit   .    a - +0 robe
rPois   ∞          Reflect  .    r - +0 helmet
rElec   +          Harm     .    (no cloak)
rCorr   .          Rampage  .    j - +0 pair of gloves
Will    .....                    (no boots)
Stlth   ++                       (no amulet)
HPRegen 0.24/turn                d - ring of protection from cold
MPRegen 0.11/turn                k - ring of fire

@: no status effects
A: sickness immunity, AC +4, negative energy resistance 1, electricity
resistance, torment resistance 1, petrification resistance
a: no special abilities


You were on level 3 of the Dungeon.
You visited 1 branch of the dungeon, and saw 4 of its levels.

You collected 119 gold pieces.

Inventory:

Hand Weapons
 e - a +1 dagger of draining
 g - a +0 club
 l - a +0 mace
 s - a +0 whip (weapon)
Armour
 a - a +0 robe (worn)
 h - an orb of wrath
 j - a +0 pair of gloves (worn)
 r - a +0 helmet (worn)
Magical Staves
 f - a staff of earth
Jewellery
 d - a ring of protection from cold (left hand)
 k - a ring of fire (right hand)
Scrolls
 c - 3 scrolls of silence {unknown}
 i - 4 scrolls of identify {unknown}
 n - a scroll of brand weapon {unknown}
 u - a scroll of torment {unknown}
Potions
 b - a potion of magic
 m - 2 potions of attraction {unknown}
 o - 2 potions of mutation {unknown}
 p - a potion of cancellation {unknown}
 q - 2 potions of resistance {unknown}
 t - a potion of curing {unknown}


   Skills:
 + Level 0.1 Fighting
 + Level 1.8 Dodging
 - Level 2.1 Stealth
 + Level 3.1 Spellcasting
 + Level 2.5 Conjurations
 + Level 4.4 Fire Magic


You couldn't memorise any spells.
You knew the following spells:

 Your Spells              Type           Power      Damage    Failure   Level
a - Foxfire               Conj/Fire      92%        2x1d8     3%          1
b - Scorch                Fire           56%        2d8       3%          2
c - Kindle Blastsparks    Fire/Tloc/Air  24%        2d12      26%         3
d - Flame Wave            Conj/Fire      23%        2d8       36%         4

Your spell library contained the following spells:

 Spells                   Type           Power      Damage    Failure   Level
 Inner Flame              Hex/Fire       16%        N/A       19%         3
 Ozocubu's Armour         Ice            2%         N/A       43%         3
 Metabolic Englaciation   Hex/Ice        1%         N/A       99%         5
 Simulacrum               Ice/Necr       1%         N/A       100%        6


Dungeon Overview and Level Annotations

Branches:
Dungeon (4/15)
 Temple: D:4-7

Altars:
Dithmenos
Kikubaaqudgha
Yredelemnul

Shops:
D:2 *

Annotations:
D:3 Edmund


Innate Abilities, Weirdness & Mutations

You are immune to sickness and miasma.
Your stone body is resilient. (AC +4)
You are immune to poison.
You resist negative energy. (rN+)
You are resistant to electric shocks. (rElec)
You are resistant to unholy torment.
You are immune to petrification.


Message History

Edmund is moderately wounded.
The foxfire hits Edmund.
Edmund is moderately wounded.
The foxfire hits Edmund.
Edmund is moderately wounded.
The foxfire hits Edmund.
Edmund is moderately wounded.
Edmund hits you with a +0 dire flail of holy wrath.
Things that are here:
a +0 dagger; a kobold corpse Edmund hits you with a +0 dire flail of holy wrath.
There is a stone staircase leading up here.
Edmund hits you with a +0 dire flail of holy wrath.
Things that are here:
a +0 dagger; a kobold corpse Edmund attacks as you move away!
Edmund hits you but does no damage.
You see here 12 gold pieces.
There is a stone staircase leading up here.
Edmund hits you with a +0 dire flail of holy wrath.
You climb upwards.
There is a stone staircase leading down here.
Magic courses through your body.
Edmund says, "People accused me of being a cutpurse!"
Edmund hits you with a +0 dire flail of holy wrath.
Casting: Foxfire (safe; 3% risk of failure)
Confirm with . or Enter, or press ? or * to list all spells.
You feel a surge of power!
You conjure some foxfire!
Edmund hits you with a +0 dire flail of holy wrath!
* * * LOW HITPOINT WARNING * * *
Casting: Foxfire (safe; 3% risk of failure)
Confirm with . or Enter, or press ? or * to list all spells.
You feel a surge of power!
Flames lash Edmund.
Edmund is heavily wounded.
Edmund's fire resistance burns away.
The foxfire hits Edmund.
Edmund is burned terribly!
Edmund is heavily wounded.
The foxfire hits Edmund.
Edmund is burned terribly!
Edmund is severely wounded.
Edmund hits you with a +0 dire flail of holy wrath!
You die...

..)..............................
.####.#.#.....######.#..#........
.####.#.......+....#...##.####.##
.............)#.##...####.#.##.#
#####.##.#....#.##....# #.#.##.#
#.##.#....'.##....# #.#.##.#
#####.##.#....###.....# #.#.##.##
......##.#....##......###.#......
########.#....'@@.....'..........
#...# #†#....##.#....###.#.##.##
#...# #.#.#####.#.#### #......^.
#...###.#.#####.#.########.##...
#........#......................
#....##.#######.#.########.....#
#....##.###....................#
####.##.#_#####.#.#.............
#......##.## #.#.#.............


You could see Edmund (combustible).

Vanquished Creatures
  A jelly (D:4)
  4 adders
  2 worms
  3 dart slugs
  An orc (D:3)
  5 endoplasms
  5 giant cockroaches
  8 goblins
  7 hobgoblins
  7 jackals
  3 quokkas
  2 ball pythons
  6 bats
  4 frilled lizards
  5 kobolds
  8 rats
71 creatures vanquished.

Vanquished Creatures (others)
  239 foxfires
239 creatures vanquished.

Grand Total: 310 creatures vanquished

Notes
Turn   | Place    | Note
-------+----------+-------------------------------------------
     0 | D:1      | funkygono the Gargoyle Fire Elementalist began the quest
                  | for the Orb.
     0 | D:1      | Reached XP level 1. HP: 10/10 MP: 3/3
   242 | D:1      | Reached XP level 2. HP: 11/15 MP: 0/5
   245 | D:1      | Learned a level 2 spell: Scorch
   680 | D:1      | Reached XP level 3. HP: 19/19 MP: 2/6
   684 | D:1      | Learned a level 3 spell: Kindle Blastsparks
  1472 | D:2      | Reached XP level 4. HP: 24/24 MP: 3/7
  1917 | D:2      | Reached skill level 4 in Fire Magic
  2257 | D:2      | Found Guggoan's Assorted Antiques.
  3019 | D:3      | Found a shadowy altar of Dithmenos.
  3021 | D:3      | Found an ancient bone altar of Kikubaaqudgha.
  3028 | D:3      | Found a basalt altar of Yredelemnul.
  3557 | D:3      | Reached XP level 5. HP: 28/28 MP: 5/9
  3562 | D:3      | Learned a level 4 spell: Flame Wave
  3578 | D:4      | Noticed Edmund
  3593 | D:3      | Slain by Edmund

Illustrated notes

Levels and vault maps discovered:
D:1:      matt_arrival_diagonals, layout_rooms
D:2:      minmay_chambers_of_ones, layout_basic, serial_shops, shop,
          minmay_tromino_v2
D:3:      layout_basic, minmay_overflow_temple_star_quad
D:4:      layout_loops_ring, mainiacjoe_overflow_cross_hatched, uniq_edmund

Skill      XL: |  1  2  3  4 |
---------------+-------------+-----
Conjurations   | 2 |  2.5
Fire Magic     | 4 |  4.4
Spellcasting   | 3 |  3.1
Fighting       | |  0.1
Dodging        | |  1.8
Stealth        | |  2.1

Action                     |  1- 3 |  4- 6 || total
---------------------------+-------+-------++-------
  Melee: Unarmed           |     3 |       ||     3
         Dagger            |     4 |       ||     4
         Mace              |       |     1 ||     1
   Cast: Foxfire           |    76 |    68 ||   144
         Scorch            |     2 |     5 ||     7
    Use: Potion            |       |     1 ||     1
 Armour: Robe              |    16 |     3 ||    19
  Dodge: Dodged            |    17 |     4 ||    21

Table legend: (Time is in decaauts)
 A = Elapsed time spent in this place.
 B = Non-inter-level travel time spent in this place.
 C = Inter-level travel time spent in this place.
 D = Time resting spent in this place.
 E = Time spent auto-exploring this place.
 F = Levels seen in this place.
 G = Mean time per level.
                   A        B        C        D        E       F      G
               +--------+--------+--------+--------+--------+-----+--------+
         Total |   3591 |   3466 |    125 |     68 |   2854 |   4 |  897.8 |
       Dungeon |   3591 |   3466 |    125 |     68 |   2854 |   4 |  897.8 |
               +--------+--------+--------+--------+--------+-----+--------+

Top non-repeatable levels by time:
     D:2: 1333 daAuts
     D:3: 1153 daAuts
     D:1: 1086 daAuts
     D:4: 17 daAuts
